 Dungeon Crawl Stone Soup version 0.29.0-5-ge4962eb29e (webtiles) character file.

Game seed: 4421085862392993575

18 Zeldest the Sneak (level 2, -1/24 HPs)
             Began as a Mummy Delver on Aug 29, 2022.
             Slain by a hound (3 damage)
             ... on level 4 of the Dungeon.
             The game lasted 00:01:19 (440 turns).

Zeldest the Sneak (Mummy Delver)                     Turns: 440, Time: 00:01:20

Health: -1/24      AC:  3    Str: 15    XL:     2   Next: 51%
Magic:  2/2        EV: 11    Int:  9    God:
Gold:   19         SH:  0    Dex: 13    Spells: 1/1 levels left

rFire   x . .      SeeInvis .   a - +0 hand axe
rCold   + . .      Faith    .   (no shield)
rNeg    + + +      Spirit   .   b - +0 leather armour
rPois   ∞          Reflect  .   (no helmet)
rElec   .          Harm     .   (no cloak)
rCorr   .          Rampage  .   (no gloves)
Will    .....                   (no boots)
Stlth   ++........              (no amulet)
HPRegen 0.08/turn               (no ring)
MPRegen 0.08/turn               (no ring)

@: no status effects
A: cold resistance 1, negative energy resistance 3, torment resistance 2, heat
vulnerability 1, no potions
a: no special abilities


You were on level 4 of the Dungeon.
You visited 1 branch of the dungeon, and saw 2 of its levels.

You collected 19 gold pieces.

Inventory:

Hand Weapons
 a - a +0 hand axe (weapon)
Armour
 b - a +0 leather armour (worn)
 g - a +0 plate armour
Wands
 f - a wand of digging (3)
Scrolls
 c - a scroll of fog
 d - a scroll of identify {unknown}
 e - a scroll of fear
 h - a scroll of teleportation {unknown}


   Skills:
 + Level 3.3 Fighting
 * Level 2.3 Axes
 - Level 1.5 Dodging
 - Level 4.1 Stealth


You had one spell level left.
You didn't know any spells.
Your spell library contained the following spells:

 Spells                   Type           Power      Damage    Failure   Level
 Portal Projectile        Hex/Tloc       0%         N/A       83%         3
 Tukima's Dance           Hex            0%         N/A       83%         3
 Blade Hands              Tmut           Unusable   N/A       N/A         5

Dungeon Overview and Level Annotations

Branches:
Dungeon (5/15)
 Temple: D:4-7

Altars:

Shops:
D:5 *


Innate Abilities, Weirdness & Mutations

You are immune to poison.
Your flesh is cold resistant. (rC+)
You are immune to negative energy. (rN+++)
You are immune to unholy pain and torment.
You are vulnerable to heat. (rF-)
You do not drink.


Message History

You closely miss the hound.
The hound is lightly wounded.
The hound misses you. The hound closely misses you.
You closely miss the hound.
The hound is lightly wounded.
The hound misses you. The hound bites you.
You hit the hound.
The hound is moderately wounded.
The hound bites you. The hound bites you but does no damage.
You hit the hound but do no damage.
The hound is moderately wounded.
The hound barely misses you.
You hit the hound but do no damage.
The hound is moderately wounded.
The hound bites you. The hound misses you.
You barely miss the hound.
The hound is moderately wounded.
The hound bites you but does no damage. The hound barely misses you.
You hit the hound.
The hound is moderately wounded.
The hound barely misses you.
You hit the hound but do no damage.
The hound is moderately wounded.
The hound bites you. The hound barely misses you.
You barely miss the hound.
The hound is moderately wounded.
The hound bites you. The hound closely misses you.
You miss the hound.
The hound is moderately wounded.
The hound bites you.
* * * LOW HITPOINT WARNING * * *
The hound bites you but does no damage.
You closely miss the hound.
The hound is moderately wounded.
The hound barely misses you. The hound bites you.
* * * LOW HITPOINT WARNING * * *
You hit the hound.
The hound is heavily wounded.
The hound bites you.
You die...

>##
#).###.##
.>######..#
##.##
.........##
##.#
#...###.##
#.## ###
#.### ###
#..# ....
#.# ##..#
#.... #.#
##...##.....
#.#
#...........
#.#
##..@h......
#.
##.†.......
#.........
#.###.....
.## ...## .#
..# .# .# ..
.# ..


You could see a hound.

Vanquished Creatures
  An adder (D:5)
  A worm (D:4)
  A dart slug (D:4)
  An endoplasm (D:4)
  A quokka (D:4)
  A kobold (D:4)
6 creatures vanquished.

Notes
Turn   | Place    | Note
-------+----------+-------------------------------------------
     0 | D:5      | Zeldest the Mummy Delver began the quest for the Orb.
     0 | D:5      | Reached XP level 1. HP: 18/18 MP: 1/1
    35 | D:5      | Reached XP level 2. HP: 12/24 MP: 2/2
   205 | D:5      | Found Nogyozey's General Store.
   440 | D:4      | Slain by a hound

Illustrated notes

Levels and vault maps discovered:
D:4:      layout_layer_cave
D:5:      minmay_razor_zed, layout_loops_ring, jmf_multi_god_temple2,
          serial_shops, shop

Skill      XL: |  1 |
---------------+----+-----
Axes           | 2 |  2.3
Fighting       | |  3.3
Dodging        | |  1.5
Stealth        | |  4.1

Action                   || total
-------------------------++-------
Melee: Hand axe          ||    45
  Use: Scroll            ||     1
 Stab: Sleeping          ||     1
Armor: Leather armour    ||     8
Dodge: Dodged            ||    32
